MLB
LOS ANGELES DODGERS @ ARIZONA DIAMONDBACKS
08/15/2045
 
TOP OF THE 1ST
Los Angeles Dodgers batting - Pitching for Arizona Diamondbacks : RHP Miguel Martinez
Pitching: RHP Miguel Martinez
Batting: RHB Nate Taylor 0-0: Ball
1-0: Called Strike
1-1: Foul Ball, location: 2F
1-2: Fly out, F8 (Flyball, 8LD, EV 100.6 MPH)
Batting: LHB Chris Ringwood 0-0: Ground out 5-3 (Groundball, 6S, EV 66.2 MPH)
Batting: SHB Joel Baker 0-0: Called Strike
0-1: Ball
1-1: Foul Ball, location: 2F
1-2: Foul Ball, location: 2F
1-2: Ball
2-2: Fly out, F7 (Line Drive, 7, EV 86.9 MPH)
Top of the 1st over - 0 runs, 0 hits, 0 errors, 0 left on base; Los Angeles 0 - Arizona 0
BOTTOM OF THE 1ST
Arizona Diamondbacks batting - Pitching for Los Angeles Dodgers : RHP Jon Harris
Pitching: RHP Jon Harris
Batting: RHB Katilimomi Kelekolio 0-0: Called Strike
0-1: Ball
1-1: Ball
2-1: Foul Ball, location: 2F
2-2: Ball
3-2: Base on Balls
Batting: LHB Roy Steigerwald 0-0: Ball
1-0: Called Strike
1-1: SINGLE (Flyball, 7LS, EV 86.9 MPH)
Katilimomi Kelekolio to second
Batting: SHB Alec Thorpe 0-0: Ball
1-0: Ball
2-0: Swinging Strike
2-1: Foul Ball, location: 2F
2-2: Ball
3-2: 3-RUN HOME RUN (Flyball, 7D, EV 95.0 MPH), Distance : 361 ft
Batting: LHB Eric Klasek 0-0: Ball
1-0: Ground out 5-3 (Groundball, 56, EV 105.6 MPH)
Batting: RHB Shiro Suehiro 0-0: Ball
1-0: SINGLE (Line Drive, 8LS, EV 96.2 MPH)
Batting: SHB Aldo Questi 0-0: Called Strike
Shiro Suehiro steals 2nd base
0-1: Called Strike
0-2: SINGLE (Line Drive, 8LS, EV 88.8 MPH)
Shiro Suehiro to third
Runner from 3rd tries for Home, SAFE, throw by CF to home
Aldo Questi to second
Batting: RHB Billy Crookston 0-0: Ball
1-0: Ball
2-0: Ground out 5-3 (Groundball, 5D, EV 80.6 MPH)
Batting: SHB Warren Eisner 0-0: Called Strike
0-1: Ground out 4-3 (Groundball, 4, EV 95.0 MPH)
Bottom of the 1st over - 4 runs, 4 hits, 0 errors, 1 left on base; Los Angeles 0 - Arizona 4
TOP OF THE 2ND
Los Angeles Dodgers batting - Pitching for Arizona Diamondbacks : RHP Miguel Martinez
Batting: RHB Danny Dyer 0-0: Called Strike
0-1: Foul Ball, location: 2F
0-2: SINGLE (Line Drive, 7LS, EV 91.9 MPH)
Batting: RHB Tsutomu Irie 0-0: Grounds into double play, 4-6-3 (Groundball, 4, EV 85.0 MPH)
Batting: LHB Yasahiko Teshima 0-0: Ball
1-0: Ball
2-0: Called Strike
2-1: Ball
3-1: Foul Ball, location: 2F
3-2: DOUBLE (Line Drive, 89XD, EV 104.4 MPH)
Batting: SHB Carlos Rodriguez 0-0: Called Strike
0-1: Called Strike
0-2: Ball
1-2: Strikes out swinging
Top of the 2nd over - 0 runs, 2 hits, 0 errors, 1 left on base; Los Angeles 0 - Arizona 4
BOTTOM OF THE 2ND
Arizona Diamondbacks batting - Pitching for Los Angeles Dodgers : RHP Jon Harris
Batting: RHB Fabrice Bertin 0-0: Called Strike
0-1: Ball
1-1: Ball
2-1: Swinging Strike
2-2: Foul Ball, location: 2F
2-2: Foul Ball, location: 2F
2-2: Foul Ball, location: 2F
2-2: Fly out, F3 (Popup, 23F, EV 73.1 MPH)
Batting: RHB Katilimomi Kelekolio 0-0: Ball
1-0: Ball
2-0: Ball
3-0: Called Strike
3-1: Fly out, F7 (Flyball, 78M, EV 90.6 MPH)
Batting: LHB Roy Steigerwald 0-0: Ball
1-0: Ball
2-0: Ball
3-0: Called Strike
3-1: Base on Balls
Batting: SHB Alec Thorpe 0-0: Ball
1-0: Swinging Strike
1-1: Swinging Strike
1-2: Ball
2-2: Ball
3-2: Base on Balls
Roy Steigerwald to second
Batting: LHB Eric Klasek 0-0: Ball
1-0: Ball
2-0: Ball
3-0: Called Strike
3-1: Base on Balls
Roy Steigerwald to third
Alec Thorpe to second
Batting: RHB Shiro Suehiro 0-0: Foul Ball, location: 2F
0-1: Swinging Strike
0-2: Strikes out swinging
Bottom of the 2nd over - 0 runs, 0 hits, 0 errors, 3 left on base; Los Angeles 0 - Arizona 4
TOP OF THE 3RD
Los Angeles Dodgers batting - Pitching for Arizona Diamondbacks : RHP Miguel Martinez
Batting: RHB Ben Mischnick 0-0: Called Strike
0-1: SINGLE (Line Drive, 9S, EV 89.4 MPH)
Batting: RHB Wing-kit Bu 0-0: Ball
1-0: Called Strike
1-1: DOUBLE (Line Drive, 5D, EV 94.4 MPH)
Ben Mischnick to third
Runner from 3rd tries for Home, SAFE, no throw by LF
Batting: RHB Nate Taylor 0-0: SINGLE (Groundball, 5S, EV 69.4 MPH) (infield hit)
Wing-kit Bu to third
Batting: LHB Chris Ringwood 0-0: Ball
1-0: Called Strike
1-1: Called Strike
1-2: Fly out, F7 (Flyball, 78D, EV 91.2 MPH)
Runner from 3rd tags up, SCORES, throw by LF
Batting: SHB Joel Baker 0-0: Ball
1-0: Foul Ball, location: 2F
1-1: Ball
2-1: Grounds into double play, 6-4-3 (Groundball, 6, EV 78.1 MPH)
Top of the 3rd over - 2 runs, 3 hits, 0 errors, 0 left on base; Los Angeles 2 - Arizona 4
BOTTOM OF THE 3RD
Arizona Diamondbacks batting - Pitching for Los Angeles Dodgers : RHP Jon Harris
Batting: SHB Aldo Questi 0-0: Called Strike
0-1: Ball
1-1: Swinging Strike
1-2: Foul Ball, location: 2F
1-2: Ball
2-2: Ball
3-2: Foul Ball, location: 2F
3-2: Base on Balls
Batting: RHB Billy Crookston 0-0: Called Strike
0-1: Ball
1-1: Ball
2-1: Bunted foul
2-2: DOUBLE (Line Drive, 7LM, EV 103.1 MPH)
Aldo Questi to third
Batting: SHB Warren Eisner 0-0: 3-RUN HOME RUN (Flyball, 78XD, EV 106.9 MPH), Distance : 398 ft
Pitching: LHP Gabe Reyes
Batting: RHB Fabrice Bertin 0-0: Ball
1-0: Foul Ball, location: 2F
1-1: Swinging Strike
1-2: Strikes out swinging
Batting: RHB Katilimomi Kelekolio 0-0: Called Strike
0-1: Ball
1-1: Fly out, F3 (Popup, 3F, EV 61.2 MPH)
Batting: LHB Roy Steigerwald 0-0: Called Strike
0-1: Ball
1-1: Ball
2-1: Ground out 6-3 (Groundball, 6M, EV 101.9 MPH)
Bottom of the 3rd over - 3 runs, 2 hits, 0 errors, 0 left on base; Los Angeles 2 - Arizona 7
TOP OF THE 4TH
Los Angeles Dodgers batting - Pitching for Arizona Diamondbacks : RHP Miguel Martinez
Batting: RHB Danny Dyer 0-0: Ball
1-0: SINGLE (Line Drive, 9S, EV 94.4 MPH)
Batting: RHB Tsutomu Irie 0-0: Fly out, F7 (Flyball, 7LS, EV 77.5 MPH)
Batting: LHB Yasahiko Teshima 0-0: Ball
1-0: Called Strike
1-1: Foul Ball, location: 2F
1-2: Ball
2-2: SINGLE (Flyball, 8RS, EV 89.4 MPH)
Danny Dyer to second
Batting: SHB Carlos Rodriguez 0-0: Foul Ball, location: 2F
0-1: Ball
1-1: Swinging Strike
1-2: Ball
2-2: Ball
3-2: Fly out, F7 (Line Drive, 7, EV 96.9 MPH)
Batting: RHB Ben Mischnick 0-0: Called Strike
0-1: Called Strike
0-2: Ball
1-2: Ball
2-2: Fly out, F6 (Flyball, 56D, EV 88.8 MPH)
Top of the 4th over - 0 runs, 2 hits, 0 errors, 2 left on base; Los Angeles 2 - Arizona 7
BOTTOM OF THE 4TH
Arizona Diamondbacks batting - Pitching for Los Angeles Dodgers : LHP Gabe Reyes
Batting: SHB Alec Thorpe 0-0: Called Strike
0-1: Swinging Strike
0-2: Ball
1-2: Ball
2-2: Ball
3-2: Ground out 3-1 (Groundball, 34S, EV 82.5 MPH)
Batting: LHB Eric Klasek 0-0: DOUBLE (Groundball, 3L, EV 103.1 MPH)
Batting: RHB Shiro Suehiro 0-0: Ball
Wild Pitch!
Eric Klasek to third
1-0: Ball
2-0: Called Strike
2-1: 2-RUN HOME RUN (Flyball, 7LD, EV 89.4 MPH), Distance : 337 ft
Batting: SHB Aldo Questi 0-0: Called Strike
0-1: Foul Ball, location: 2F
0-2: Ball
1-2: Ball
2-2: Ground out 5-3 (Groundball, 56S, EV 90.6 MPH)
Batting: RHB Billy Crookston 0-0: Foul Ball, location: 2F
0-1: Ball
1-1: Ball
2-1: Foul Ball, location: 2F
2-2: Ball
3-2: Fly out, F9 (Flyball, 9D, EV 80.6 MPH)
Bottom of the 4th over - 2 runs, 2 hits, 0 errors, 0 left on base; Los Angeles 2 - Arizona 9
TOP OF THE 5TH
Los Angeles Dodgers batting - Pitching for Arizona Diamondbacks : RHP Miguel Martinez
Batting: RHB Wing-kit Bu 0-0: Ball
1-0: Ball
2-0: Ground out 6-3 (Groundball, 6D, EV 100.0 MPH)
Batting: RHB Nate Taylor 0-0: Called Strike
0-1: SINGLE (Groundball, 4MD, EV 94.4 MPH)
Batting: LHB Chris Ringwood 0-0: Ball
Nate Taylor steals 2nd base
1-0: Called Strike
Nate Taylor steals 3rd base
1-1: SINGLE (Popup, 3D, EV 55.6 MPH)
Nate Taylor scores
Batting: SHB Joel Baker 0-0: Fly out, F9 (Flyball, 9D, EV 102.5 MPH)
Batting: RHB Danny Dyer 0-0: Called Strike
0-1: Fly out, F9 (Line Drive, 9S, EV 85.6 MPH)
Top of the 5th over - 1 run, 2 hits, 0 errors, 1 left on base; Los Angeles 3 - Arizona 9
BOTTOM OF THE 5TH
Arizona Diamondbacks batting - Pitching for Los Angeles Dodgers : LHP Gabe Reyes
Batting: SHB Warren Eisner 0-0: Called Strike
0-1: Ball
1-1: Ball
2-1: Ball
3-1: Foul Ball, location: 2F
3-2: SINGLE (Line Drive, 6D, EV 106.2 MPH)
Pitching: RHP Michael Walsh
Batting: RHB Fabrice Bertin 0-0: Called Strike
0-1: Ball
1-1: Ball
2-1: Ball
3-1: Base on Balls
Warren Eisner to second
Batting: RHB Katilimomi Kelekolio 0-0: Ball
1-0: Ball
2-0: Foul Ball, location: 2F
2-1: Ball
3-1: Called Strike
3-2: Base on Balls
Warren Eisner to third
Fabrice Bertin to second
Batting: LHB Roy Steigerwald 0-0: Ball
1-0: Swinging Strike
1-1: Called Strike
1-2: Fly out, F9 (Flyball, 89S, EV 91.2 MPH)
Batting: SHB Alec Thorpe 0-0: Ball
1-0: Called Strike
1-1: Foul Ball, location: 2F
1-2: Fly out, F7 (Flyball, 78M, EV 93.1 MPH)
Runner from 3rd tags up, SCORES, throw by LF
Fabrice Bertin to third
Batting: LHB Eric Klasek 0-0: Ball
1-0: Fly out, F4 (Popup, 34D, EV 56.9 MPH)
Bottom of the 5th over - 1 run, 1 hit, 0 errors, 2 left on base; Los Angeles 3 - Arizona 10
TOP OF THE 6TH
Los Angeles Dodgers batting - Pitching for Arizona Diamondbacks : RHP Miguel Martinez
Batting: RHB Tsutomu Irie 0-0: Ball
1-0: Called Strike
1-1: Ball
2-1: Called Strike
2-2: Strikes out looking
Batting: LHB Yasahiko Teshima 0-0: Fly out, F7 (Flyball, 78M, EV 88.1 MPH)
Batting: SHB Carlos Rodriguez 0-0: SINGLE (Flyball, 8RS, EV 89.4 MPH)
Batting: RHB Ben Mischnick 0-0: Ball
1-0: Ground out 6-3 (Groundball, P, EV 84.4 MPH)
Top of the 6th over - 0 runs, 1 hit, 0 errors, 1 left on base; Los Angeles 3 - Arizona 10
BOTTOM OF THE 6TH
Arizona Diamondbacks batting - Pitching for Los Angeles Dodgers : RHP Michael Walsh
Batting: RHB Shiro Suehiro 0-0: Foul Ball, location: 2F
0-1: Swinging Strike
0-2: Ball
1-2: Ball
2-2: Ball
3-2: Base on Balls
Batting: SHB Aldo Questi 0-0: Ball
1-0: Ball
2-0: Foul Ball, location: 2F
2-1: Foul Ball, location: 2F
2-2: Ball
3-2: Grounds into double play, 4-6-3 (Groundball, 4, EV 81.9 MPH)
Batting: RHB Billy Crookston 0-0: Ball
1-0: Ball
2-0: Ball
3-0: Base on Balls
Batting: SHB Warren Eisner 0-0: Ball
1-0: Called Strike
1-1: Foul Ball, location: 2F
1-2: Ball
2-2: Ball
3-2: Strikes out swinging
Bottom of the 6th over - 0 runs, 0 hits, 0 errors, 1 left on base; Los Angeles 3 - Arizona 10
TOP OF THE 7TH
Los Angeles Dodgers batting - Pitching for Arizona Diamondbacks : RHP Miguel Martinez
Batting: RHB Wing-kit Bu 0-0: Ball
1-0: Called Strike
1-1: Ball
2-1: Foul Ball, location: 2F
2-2: DOUBLE (Line Drive, 89XD, EV 111.2 MPH)
Batting: RHB Nate Taylor 0-0: Swinging Strike
0-1: Foul Ball, location: 2F
0-2: Strikes out swinging
Batting: LHB Chris Ringwood 0-0: Ball
1-0: Foul Ball, location: 2F
1-1: Called Strike
1-2: Strikes out swinging
Batting: SHB Joel Baker 0-0: Called Strike
0-1: Ground out 6-3 (Groundball, 56, EV 100.0 MPH)
Top of the 7th over - 0 runs, 1 hit, 0 errors, 1 left on base; Los Angeles 3 - Arizona 10
BOTTOM OF THE 7TH
Arizona Diamondbacks batting - Pitching for Los Angeles Dodgers : RHP Michael Walsh
Pitching: RHP Justin Scheithauer
Batting: RHB Fabrice Bertin 0-0: Ball
1-0: Ball
2-0: Ground out U3 (Groundball, 13, EV 82.5 MPH)
Batting: RHB Katilimomi Kelekolio 0-0: Foul Ball, location: 2F
0-1: Ball
1-1: Swinging Strike
1-2: Fly out, F8 (Flyball, 8RD, EV 100.6 MPH)
Batting: LHB Roy Steigerwald 0-0: Ball
1-0: Ball
2-0: Ball
3-0: Called Strike
3-1: Base on Balls
Batting: SHB Alec Thorpe 0-0: Ball
1-0: Called Strike
1-1: Swinging Strike
1-2: Ball
2-2: Strikes out looking and he ARGUES THE CALL AND IS TOSSED!
Bottom of the 7th over - 0 runs, 0 hits, 0 errors, 1 left on base; Los Angeles 3 - Arizona 10
TOP OF THE 8TH
Los Angeles Dodgers batting - Pitching for Arizona Diamondbacks : RHP Miguel Martinez
Now at SS: Jon Solano
Batting: RHB Danny Dyer 0-0: Called Strike
0-1: Ball
1-1: Foul Ball, location: 2F
1-2: Foul Ball, location: 2F
1-2: Ground out 5-3 (Groundball, 6S, EV 62.5 MPH)
Pinch Hitting: LHB Lirak Bazhunaishvili 0-0: Ball
1-0: Ball
2-0: Ball
3-0: Called Strike
3-1: SINGLE (Groundball, 34S, EV 61.9 MPH) (infield hit)
Pitching: LHP John Salzmann
Batting: LHB Yasahiko Teshima 0-0: Grounds into double play, 4-6-3 (Groundball, 4, EV 81.2 MPH)
Top of the 8th over - 0 runs, 1 hit, 0 errors, 0 left on base; Los Angeles 3 - Arizona 10
BOTTOM OF THE 8TH
Arizona Diamondbacks batting - Pitching for Los Angeles Dodgers : RHP Justin Scheithauer
Now at 2B: Lirak Bazhunaishvili
Batting: LHB Eric Klasek 0-0: Ball
1-0: Called Strike
1-1: Swinging Strike
1-2: SINGLE (Line Drive, 78S, EV 103.1 MPH)
Batting: RHB Shiro Suehiro 0-0: Ground out U3 (Groundball, 34S, EV 68.1 MPH)
Eric Klasek to second
Batting: SHB Aldo Questi 0-0: Ball
1-0: Ball
2-0: Called Strike
2-1: Foul Ball, location: 2F
2-2: Ball
3-2: SINGLE (Groundball, 34D, EV 103.1 MPH)
Eric Klasek to third
Batting: RHB Billy Crookston 0-0: Called Strike
0-1: Grounds into double play, 6-4-3 (Groundball, 6, EV 83.8 MPH)
Bottom of the 8th over - 0 runs, 2 hits, 0 errors, 1 left on base; Los Angeles 3 - Arizona 10
TOP OF THE 9TH
Los Angeles Dodgers batting - Pitching for Arizona Diamondbacks : LHP John Salzmann
Batting: SHB Carlos Rodriguez 0-0: Ball
1-0: Called Strike
1-1: Called Strike
1-2: SOLO HOME RUN (Flyball, 7D, EV 103.1 MPH), Distance : 380 ft
Batting: RHB Ben Mischnick 0-0: Ball
1-0: Called Strike
1-1: Ball
2-1: Ball
3-1: Called Strike
3-2: Ground out 6-3 (Groundball, 56, EV 86.2 MPH)
Batting: RHB Wing-kit Bu 0-0: Swinging Strike
0-1: Foul Ball, location: 2F
0-2: Ball
1-2: Strikes out swinging
Batting: RHB Nate Taylor 0-0: Swinging Strike
0-1: Called Strike
0-2: Strikes out swinging
Top of the 9th over - 1 run, 1 hit, 0 errors, 0 left on base; Los Angeles 4 - Arizona 10
Wednesday, June 22nd , 2022 - OOTP Baseball 23.4 Build 64